 Dungeon Crawl Stone Soup version 0.27.1 (webtiles) character file.

Game seed: 4594075570642124050

24 voltaire321 the Vexing (level 3, 0/21 HPs)
             Began as a Kobold Arcane Marksman on Aug 29, 2021.
             Slain by a hobgoblin (4 damage)
             ... on level 1 of the Dungeon.
             The game lasted 00:02:45 (446 turns).

voltaire321 the Vexing (Kobold Arcane Marksman)      Turns: 446, Time: 00:02:46

Health: 0/21       AC:  2    Str:  7    XL:     3   Next: 15%
Magic:  5/5        EV: 15    Int: 14    God:
Gold:   18         SH:  0    Dex: 16    Spells: 2/5 levels left

rFire    . . .     SeeInvis .   a - +0 hand crossbow
rCold    . . .     Faith    .   (shield restricted)
rNeg     . . .     Spirit   .   d - +0 robe
rPois    .         Reflect  .   (no helmet)
rElec    .         Harm     .   (no cloak)
rCorr    .         Rampage  .   (no gloves)
Will     .....                  (no boots)
Stlth    ++........             (no amulet)
HPRegen  0.07/turn              (no ring)
MPRegen  0.09/turn              (no ring)

@: no status effects
A: small, no large weapons, nightstalker 3
a: no special abilities


You were on level 1 of the Dungeon.
You visited 1 branch of the dungeon, and saw 1 of its levels.

You collected 18 gold pieces.

Inventory:

Hand Weapons
 a - a +0 hand crossbow (weapon)
 f - a +0 rapier
 h - a +2 short sword of draining
Missiles
 c - 9 bolts (quivered ammo)
Armour
 d - a +0 robe (worn)
Potions
 b - a potion of curing {unknown}
 e - 2 potions of ambrosia {unknown}
 g - a potion of cancellation {unknown}


   Skills:
 + Level 1.6 Fighting
 + Level 2.8 Crossbows
 + Level 2.8 Dodging
 + Level 1.5 Spellcasting
 + Level 3.2 Hexes


You had 2 spell levels left.
You knew the following spells:

 Your Spells              Type           Power      Damage    Failure   Level
a - Corona                Hex            11%        N/A       7%          1
b - Slow                  Hex            10%        N/A       10%         2

Your spell library contained the following spells:

 Spells                   Type           Power      Damage    Failure   Level
 Inner Flame              Hex/Fire       5%         N/A       36%         3
 Portal Projectile        Hex/Tloc       10%        N/A       36%         3
 Cause Fear               Hex            5%         N/A       54%         4


Dungeon Overview and Level Annotations

Branches:
Dungeon (1/15)

Altars:


Innate Abilities, Weirdness & Mutations

You are small and have problems with some larger weapons.
You are completely attuned to the shadows.


Message History

Fire: 11 bolts
Press: ? - help, Q - select action, (/) - cycle Shift-Dir - straight line, f/p - hobgoblin
Aim: a hobgoblin (heavily wounded, 64% to hit)
You shoot a bolt. The bolt barely misses the hobgoblin.
The hobgoblin misses you. The hobgoblin hits you.
Unknown command.
Fire: 10 bolts
Press: ? - help, Q - select action, (/) - cycle Shift-Dir - straight line, f/p - hobgoblin
Aim: a hobgoblin (heavily wounded, 64% to hit)
You shoot a bolt. The bolt hits the hobgoblin.
The hobgoblin is almost dead.
The hobgoblin hits you. The hobgoblin barely misses you.
The hobgoblin closely misses you. The hobgoblin closely misses you.
The hobgoblin misses you. The hobgoblin hits you. The hobgoblin misses you.
The hobgoblin closely misses you. The hobgoblin barely misses you.
The hobgoblin closely misses you. The hobgoblin hits you.
The hobgoblin hits you but does no damage.
The hobgoblin closely misses you. The hobgoblin misses you.
The hobgoblin misses you. The hobgoblin hits you.
* * * LOW HITPOINT WARNING * * *
The hobgoblin hits you.
* * * LOW HITPOINT WARNING * * *
The hobgoblin hits you but does no damage.
The hobgoblin hits you.
* * * LOW HITPOINT WARNING * * *
The hobgoblin closely misses you. The hobgoblin completely misses you.
The hobgoblin closely misses you. The hobgoblin closely misses you.
The hobgoblin hits you but does no damage.
The hobgoblin hits you.
You die...

##.##.#.################
.#.##.#..........#
†#.##.##########.#
...##.# #.# ##†##.# #.#
...##.# #.# ......# #.#
#####.# #.# # #@# ..(g.#
### ###### ..# ..# ..+
..# ..# ###


You could see a hobgoblin.

Vanquished Creatures
  2 dart slugs (D:1)
  2 ball pythons (D:1)
  3 endoplasms (D:1)
  A giant cockroach (D:1)
  2 hobgoblins (D:1)
  A frilled lizard (D:1)
  A goblin (D:1)
  4 kobolds (D:1)
  2 rats (D:1)
18 creatures vanquished.

Notes
Turn   | Place    | Note
-------+----------+-------------------------------------------
     0 | D:1      | voltaire321 the Kobold Arcane Marksman began the quest for
                  | the Orb.
     0 | D:1      | Reached XP level 1. HP: 12/12 MP: 2/2
    41 | D:1      | Reached XP level 2. HP: 16/16 MP: 3/3
    89 | D:1      | Learned a level 2 spell: Slow
   209 | D:1      | Reached XP level 3. HP: 20/20 MP: 5/5
   446 | D:1      | Slain by a hobgoblin

Illustrated notes

Levels and vault maps discovered:
D:1:      minmay_arrival_checkered_box, layout_basic, st_stairs_3,
          minmay_indecisive_spiral

Action                   || total
-------------------------++-------
 Fire: Hand crossbow     ||    42
Armor: Robe              ||     4
Dodge: Dodged            ||    27
